 Dungeon Crawl Stone Soup version 0.32-a0-779-g362cfcae2a (webtiles) character file.

Game seed: 4472686446349965628

260 hikkokomori the Shield-Bearer (level 5, -1/42 (46) HPs)
             Began as a Mountain Dwarf Fighter on Mar 19, 2024.
             Slain by a mummy (11 damage)
             ... in an ossuary.
             The game lasted 00:06:11 (3184 turns).

hikkokomori the Shield-Bearer (MDFi)                Turns: 3184, Time: 00:06:11

HP:   -1/42 (46)    AC:  7    Str: 20    XL:     5   Next: 95%
MP:   8/8           EV:  8    Int:  9    God:
Gold: 275           SH:  4    Dex:  9    Spells: 3/8 levels left

rFire   + . .        g - +2 hand axe (freeze)
rCold   + . .        c - +0 buckler
rNeg    . . .        b - +0 scale mail
rPois   .            (no helmet)
rElec   .            i - scarf {rC+ rF+}
rCorr   .            (no gloves)
SInv    .            (no boots)
Will    .....        (no amulet) Stlth
                     (no ring)
HPRegen 0.27/turn    (no ring)
MPRegen 0.11/turn

%: no passive effects
@: hasted, drained, very quick
A: runic magic, artefact enchanting
a: no special abilities


You were in an ossuary.
You visited 1 branch of the dungeon, and saw 4 of its levels.
You also visited: Ossuary.

You collected 275 gold pieces.

Inventory:

Hand Weapons
 a - a +0 war axe
 g - a +2 hand axe of freezing (weapon)
Missiles
 l - a throwing net (quivered)
Armour
 b - a +0 scale mail (worn)
 c - a +0 buckler (worn)
 h - a +0 cloak
 i - a scarf of resistance (worn)
Scrolls
 j - a scroll of poison
Potions
 d - 2 potions of might
 e - a potion of haste
 f - 2 potions of degeneration
 n - 2 potions of attraction {unknown}
 p - a potion of brilliance {unknown}


   Skills:
 - Level 4.0 Fighting
 + Level 4.3 Axes
 - Level 4.0 Armour
 + Level 4.6 Shields
 + Level 2.0 Spellcasting
 + Level 0.3 Hexes
 + Level 0.3 Ice Magic


You had 3 spell levels left.
You knew the following spells:

 Your Spells              Type           Power      Damage    Failure   Level
a - Ensorcelled Hibernat  Hex/Ice        2%         N/A       56%         2
b - Frozen Ramparts       Ice            2%         1d1       80%         3

Your spell library contained the following spells:

 Spells                   Type           Power      Damage    Failure   Level
 Lesser Beckoning         Tloc           0%         N/A       61%         2
 Ozocubu's Armour         Ice            1%         N/A       80%         3
 Fugue of the Fallen      Necr           0%         N/A       83%         3
 Gell's Gravitas          Tloc           0%         N/A       83%         3
 Teleport Other           Tloc           0%         N/A       83%         3
 Anguish                  Hex/Necr       0%         N/A       99%         4
 Metabolic Englaciation   Hex/Ice        0%         N/A       100%        5


Dungeon Overview and Level Annotations

Branches:
Dungeon (4/15)            Ossuary (1/1)
 Temple: D:4-7

Altars:
Makhleb
Ru
Yredelemnul


Innate Abilities, Weirdness & Mutations

Your spellcasting is much less encumbered by armour.
You can use scrolls of enchantment on lesser artefacts.


Message History

The gnoll zombie barely misses you. The weeping skull touches you.
You feel drained.
You hit the weeping skull but do no damage.
You barely miss the gnoll zombie. You block the weeping skull's attack.
The gnoll zombie barely misses you.
You hit the weeping skull.
The weeping skull is lightly damaged.
You hit the gnoll zombie but do no damage.
The weeping skull touches you. You block the gnoll zombie's attack.
You completely miss the weeping skull.
The weeping skull is lightly damaged.
You hit the gnoll zombie.
The weeping skull's misery bubbles over.
The wave of grief passes through you. The gnoll zombie barely misses you.
You hit the weeping skull. You freeze the weeping skull.
The weeping skull is moderately damaged.
You slash the gnoll zombie!
You destroy the gnoll zombie!
You block the weeping skull's attack. The weeping skull touches you.
You feel drained.
You barely miss the weeping skull.
The weeping skull is moderately damaged.
The weeping skull touches you.
You feel drained.
You hit the weeping skull but do no damage.
The weeping skull is moderately damaged.
The weeping skull barely misses you.
You barely miss the weeping skull.
The weeping skull is moderately damaged.
You hit the mummy. The weeping skull closely misses you.
The mummy barely misses you.
You hit the weeping skull but do no damage.
The weeping skull is moderately damaged.
You hit the mummy. The weeping skull touches you.
You hit the weeping skull but do no damage.
The weeping skull is moderately damaged.
You hit the mummy. The mummy hits you! The weeping skull touches you.
* * * LOW HITPOINT WARNING * * *
You feel yourself speed up. You block the weeping skull's attack.
The mummy hits you!
You die...

###+###
##.....## ##++
##.......###..#
+.........'...#
+....⌠....'.#.#
+.........'°°°#
##.......###@M#
##.....##
##z°○# ##'#+##
#Z### #...# #°#
##.## °?. #.∩.#
°!. #.∩.# ####
#####


You could see a weeping skull, a mummy and an orc zombie.

Vanquished Creatures
  A water moccasin zombie (D:3)
  An iguana (D:4)
  A hound zombie (D:3)
  Robin (D:3)
  3 gnolls (D:3)
  3 adders
  2 adder zombies (D:3)
  2 dart slugs
  A ribbon worm (D:2)
  3 orcs (D:2)
  5 endoplasms
  A giant cockroach (D:2)
  16 goblins
  10 hobgoblins
  9 kobolds
  2 quokkas
  5 ball pythons
  3 bats
  8 frilled lizards
  A gnoll zombie (Ossuary)
  A goblin zombie (D:4)
  A quokka zombie (D:4)
  10 rats
90 creatures vanquished.

Notes
Turn   | Place    | Note
-------+----------+-------------------------------------------
     0 | D:1      | hikkokomori the Mountain Dwarf Fighter began the quest for
                  | the Orb.
     0 | D:1      | Reached XP level 1. HP: 19/19 MP: 1/1
   163 | D:1      | Reached XP level 2. HP: 26/26 MP: 2/2
  1132 | D:2      | Reached XP level 3. HP: 23/33 MP: 3/3
  1646 | D:2      | Reached XP level 4. HP: 39/40 MP: 4/4
  2055 | D:3      | Noticed Robin
  2064 | D:3      | Killed Robin
  2092 | D:3      | Reached skill level 1 in Spellcasting
  2237 | D:3      | Found a basalt altar of Yredelemnul.
  2257 | D:3      | Reached XP level 5. HP: 37/46 MP: 5/7
  2742 | D:3      | Learned a level 2 spell: Ensorcelled Hibernation
  2746 | D:3      | Learned a level 3 spell: Frozen Ramparts
  2848 | D:3      | Found a sacrificial altar of Ru.
  2927 | D:3      | Found a burning altar of Makhleb.
  3131 | D:4      | Found a sand-covered staircase.
  3149 | Ossuary  | Entered an ossuary
  3184 | Ossuary  | Slain by a mummy

Illustrated notes

Levels and vault maps discovered:
D:1:      zelgadis_glass_arrival_small, layout_basic, dk_noncrumbling_4
D:2:      layout_loops_ring, serial_bayou, serial_bayou_lake_a,
          serial_bayou_pond_d, serial_bayou_pond_e, serial_bayou_pond_c,
          guppyfry_early_orc_mine
D:3:      layout_basic, nicolae_overflow_crystal_walls,
          nicolae_yredelemnul_corpse_copse, lemuel_doored_altar, chequers_jeans,
          hex_tiny, minmay_gold_behind_fungi, minmay_misc_feat_rows, uniq_robin
D:4:      layout_cave_pods, lemuel_coloured_pillars_altar,
          gup_sewer_entry_glass, enter_ossuary_4, uniq_eustachio
Ossuary:  ossuary_crypta

Skill      XL: |  1  2  3  4  5 |
---------------+----------------+-----
Axes           | 3 4 |  4.3
Fighting       | 4 |  4.0
Armour         | 4 |  4.0
Shields        | 4 |  4.6
Spellcasting   | 1 2 |  2.0
Hexes          | |  0.3
Ice Magic      | |  0.3

Action                     |  1- 3 |  4- 6 || total
---------------------------+-------+-------++-------
  Melee: War axe           |    88 |       ||    88
         Hand axe          |    27 |   142 ||   169
    Use: Scroll            |       |     6 ||     6
         Potion            |       |     1 ||     1
 Armour: Scale mail        |   102 |    87 ||   189
  Dodge: Dodged            |    47 |    48 ||    95
  Block: Buckler           |    23 |    32 ||    55

Table legend: (Time is in decaauts)
 A = Elapsed time spent in this place.
 B = Non-inter-level travel time spent in this place.
 C = Inter-level travel time spent in this place.
 D = Time resting spent in this place.
 E = Time spent auto-exploring this place.
 F = Levels seen in this place.
 G = Mean time per level.
                   A        B        C        D        E       F      G
               +--------+--------+--------+--------+--------+-----+--------+
         Total |   3260 |   3165 |     95 |      8 |   2448 |   5 |  652.0 |
       Dungeon |   3224 |   3129 |     95 |      8 |   2448 |   4 |  806.0 |
       Ossuary |     36 |     36 |      0 |      0 |      0 |   1 |   36.0 |
               +--------+--------+--------+--------+--------+-----+--------+

Top non-repeatable levels by time:
     D:1: 1094 daAuts
     D:2: 1005 daAuts
     D:3: 985 daAuts
     D:4: 138 daAuts
 Ossuary: 36 daAuts
